 Dungeon Crawl Stone Soup version 0.28.0-55-gcd9437bce4 (webtiles) character file.

Game seed: 18153807189625492483

20 cbfl8 the Poker (level 2, -5/22 HPs)
             Began as a Merfolk Gladiator on Jan 9, 2023.
             Slain by Terence
             ... wielding a +0 mace of holy wrath
              (7 damage)
             ... on level 3 of the Dungeon.
             The game lasted 00:00:47 (851 turns).

cbfl8 the Poker (Merfolk Gladiator)                  Turns: 851, Time: 00:00:48

Health: -5/22      AC:  5    Str: 14    XL:     2   Next: 79%
Magic:  2/2        EV: 13    Int: 13    God:
Gold:   31         SH:  0    Dex: 15    Spells: 1/1 levels left

rFire   . . .      SeeInvis .   a - +0 trident
rCold   . . .      Faith    .   (no shield)
rNeg    . . .      Spirit   .   b - +0 leather armour
rPois   .          Reflect  .   c - +0 helmet
rElec   .          Harm     .   (no cloak)
rCorr   .          Rampage  .   (no gloves)
Will    .....                   m - +0 pair of boots
Stlth   +.........              (no amulet)
HPRegen 0.07/turn               e - +6 ring of intelligence
MPRegen 0.08/turn               (no ring)

@: no status effects
A: (nimble swimmer 2), mertail
a: no special abilities


You were on level 3 of the Dungeon.
You visited 1 branch of the dungeon, and saw 3 of its levels.

You collected 31 gold pieces.

Inventory:

Hand Weapons
 a - a +0 trident (weapon)
Missiles
 d - 3 throwing nets (quivered)
Armour
 b - a +0 leather armour (worn)
 c - a +0 helmet (worn)
 m - a +0 pair of boots (worn)
Jewellery
 e - a +6 ring of intelligence (left hand)
 n - a +6 ring of strength
Scrolls
 f - 2 scrolls of teleportation {unknown}
 i - a scroll of noise {unknown}
 j - a scroll of magic mapping {unknown}
 k - a scroll of fear {unknown}
 l - a scroll of holy word {unknown}
Potions
 g - a potion of cancellation {unknown}
 h - a potion of brilliance {unknown}


   Skills:
 * Level 2.2 Fighting
 * Level 5.3 Polearms
 - Level 2.0 Throwing
 + Level 4.3 Dodging
 * Level 0.6 Evocations


You had one spell level left.
You didn't know any spells.
Your spell library was empty.

Dungeon Overview and Level Annotations

Branches:
Dungeon (3/15)

Altars:

Annotations:
D:3 Terence


Innate Abilities, Weirdness & Mutations

((You are very nimble when in or above water. (Stealth+, EV+, Speed+++)))
Your lower body shifts to a powerful aquatic tail in water.


Message History

The bat hits you but does no damage.
A bat is nearby!
You barely miss the bat.
The bat is moderately wounded.
The bat hits you but does no damage. The bat barely misses you.
You puncture the bat!
You kill the bat!
Found a club.
No target in view!
Found a stone staircase leading down.
No target in view!
f - 2 scrolls labelled XITHOCL CAOTUJ (gained 1)
There is a stone staircase leading down here.
There is a stone staircase leading down here.
Terence the Incautious comes into view.
He is wielding a +0 mace of holy wrath.
Terence is nearby!
You hit Terence but do no damage.
Terence hits you with a +0 mace of holy wrath.
Terence is nearby!
You barely miss Terence.
Terence hits you with a +0 mace of holy wrath.
Terence is nearby!
You closely miss Terence.
Terence hits you with a +0 mace of holy wrath!
Terence is nearby!
Terence hits you with a +0 mace of holy wrath.
There is a stone staircase leading down here.
Terence closely misses you.
You climb downwards.
Found a scratched marble ring.
There is a stone staircase leading up here.
Terence barely misses you.
An endoplasm comes into view.
Terence hits you with a +0 mace of holy wrath.
* * * LOW HITPOINT WARNING * * *
You see here a +6 ring of strength.
n - a +6 ring of strength Terence hits you with a +0 mace of holy wrath!
You die...

.## ..## ...
.. #. ####
#.##### #....
#.<...####J.#
#####..#...#
##.@@# ##..#
####


You could see Terence and an endoplasm.

Vanquished Creatures
  2 endoplasms (D:1)
  2 giant cockroaches (D:1)
  A goblin (D:1)
  2 hobgoblins (D:1)
  2 quokkas (D:1)
  4 ball pythons (D:1)
  3 bats
  2 kobolds (D:1)
  A rat (D:1)
19 creatures vanquished.

Notes
Turn   | Place    | Note
-------+----------+-------------------------------------------
     0 | D:1      | cbfl8 the Merfolk Gladiator began the quest for the Orb.
     0 | D:1      | Reached XP level 1. HP: 16/16 MP: 1/1
   188 | D:1      | Reached XP level 2. HP: 22/22 MP: 2/2
   220 | D:1      | Reached skill level 5 in Polearms
   829 | D:2      | Noticed Terence
   851 | D:3      | Slain by Terence

Illustrated notes

Levels and vault maps discovered:
D:1:      lightli_arrival_windingriver, layout_loops_cross
D:2:      layout_loops_ring, nicolae_ecumenical_snake_handling, uniq_terence
D:3:      layout_rooms, lemuel_doored_altar, guppyfry_early_orc_mine,
          uniq_sigmund

Skill      XL: |  1  2 |
---------------+-------+-----
Polearms       | 5 |  5.3
Fighting       | |  2.2
Throwing       | |  2.0
Dodging        | |  4.3
Evocations     | |  0.6

Action                   || total
-------------------------++-------
Melee: Trident           ||    52
       Punch             ||     2
Armor: Leather armour    ||     7
Dodge: Dodged            ||    25
